AoeStats
← Scotland111

Four Lakes

508842291Analyzed
1v1 RM · 6d ago on Sep 24, 2026· 33m 33s· 2 players
Game mode
Random Map
Map size
Tiny (2 player)
Population
200
Speed
Normal
Resources
Standard
Victory
Conquest
Starting age
Dark Age
Ending age
Imperial Age
RankedLock teamsTeams togetherTeam positionsShared explorationLock speedFull tech treeHidden civsTurbo modeCheats
Victory
Defeat
🇬🇧 Varangians · United Kingdom
823
+16
🇧🇷 Vietnamese · Brazil
826
-16
Scotland111
8:57 Loom
10:58 Feudal Age
12:40 Double-Bit Axe
17:04 Castle Age
15:22 Fishing Lines
16:47 Forging
19:16 Bloodlines
19:56 Husbandry
21:20 Bow Saw
23:37 Iron Casting
23:04 Scale Mail Armor
23:10 Scale Barding Armor
23:37 Husbandry
26:00 Chain Barding Armor
25:49 Stone Mining
25:58 Gillnets
30:58 Wheelbarrow
Joao Paulo007
7:59 Loom
10:41 Feudal Age
11:27 Double-Bit Axe
19:53 Forging
21:16 Arson
22:31 Scale Barding Armor
26:37 Castle Age
27:41 Bow Saw
32:55 Thumb Ring
Connection lost

Rejoining the realm…

Still unreachable

The connection could not be restored.

Session expired

The server has moved on; the page needs a fresh start.